Warning! The script has encountered some errors when parsing the replay. Please report them to the . » details
0x72, prev: 0x19: 16 02 01 00 69 98 00 00 45 44 01 00 19 6B [72] 6D 6E 38 94 00 00 38 94 00 00
0x6E, prev: 0x72: 16 02 01 00 69 98 00 00 45 44 01 00 19 6B 72 6D [6E] 38 94 00 00 38 94 00 00
0x94, prev: 0x6E: 16 02 01 00 69 98 00 00 45 44 01 00 19 6B 72 6D 6E 38 [94] 00 00 38 94 00 00
0x00, prev: 0x94: 16 02 01 00 69 98 00 00 45 44 01 00 19 6B 72 6D 6E 38 94 00 00 38 94 00 [00]
0x94, prev: 0x00: 16 02 01 00 69 98 00 00 45 44 01 00 19 6B 72 6D 6E 38 94 00 00 38 [94] 00 00
General information
- name: BNet
- type: Ladder team game (AT/RT)
- host: Battle.net
- saver: Ulciscor
map: Friends
- players: 8
- length: 127:47
- speed: Fast
- version: 1.26 W3XP
- replay type: Public
» download(430 KB)
Players
team 1 (winner)

»
Arsenic. (
blue | 27 APM | 893 actions | 32:35)
7 Mountain King
3 Storm Bolt
3 Bash
1 Avatar
» actions
| Assign group hotkey | 9 | |
| Build / train | 84 | |
| Enter build submenu | 31 | |
| Enter hero's abilities submenu | 7 | |
| Remove unit from queue | 2 | |
| Right click | 334 | |
| Select / deselect | 348 | |
| Select group hotkey | 2 | |
| Use ability | 76 | |
893 total
» units
| Peasant | 15 | |
| Footman | 12 | |
| Knight | 11 | |
| Goblin Shredder | 2 | |
| Dragonhawk Rider | 1 | |
41 total
» upgrades
| Plating | 3 | |
| Swords | 3 | |
| Defend | 1 | |
| Lumber Harvesting | 2 | |
| Animal War Training | 1 | |
| Masonry | 1 | |
| Cloud | 1 | |
12 total
» buildings
| Altar of Kings | 1 | |
| Farm | 10 | |
| Barracks | 2 | |
| Lumber Mill | 1 | |
| Blacksmith | 1 | |
| Keep | 1 | |
| Scout Tower | 8 | |
| Guard Tower | 11 | |
| Castle | 1 | |
| Arcane Vault | 1 | |
| Gryphon Aviary | 4 | |
| Town Hall | 1 | |
| Workshop | 1 | |
43 total
» build order
00:06 Altar of Kings
00:08 Farm
00:18 Barracks
00:54 Farm
01:30 Lumber Mill
02:15 Farm
03:18 Farm
03:39 Blacksmith
04:00 Barracks
04:04 Farm
05:13 Keep
05:31 Farm
06:16 Scout Tower
06:48 Scout Tower
06:51 Guard Tower
07:16 Guard Tower
08:34 Castle
09:16 Scout Tower
10:28 Scout Tower
10:30 Guard Tower
11:09 Guard Tower
11:12 Scout Tower
11:47 Guard Tower
11:50 Farm
12:27 Arcane Vault
12:31 Farm
13:34 Guard Tower
13:35 Guard Tower
13:56 Guard Tower
14:51 Gryphon Aviary
16:01 Farm
17:00 Scout Tower
17:32 Scout Tower
17:35 Guard Tower
18:05 Scout Tower
18:08 Guard Tower
19:44 Town Hall
19:55 Farm
19:56 Guard Tower
25:39 Gryphon Aviary
25:43 Gryphon Aviary
26:17 Workshop
26:22 Gryphon Aviary
» items
| Rod of Necromancy | 1 | |
| Ivory Tower | 3 | |
| Potion of Healing | 3 | |
| Scroll of Regeneration | 1 | |
8 total
Ulciscor (
orange | 40 APM | 5100 actions | 127:47)
10 Blademaster
3 Wind Walk
3 Critical Strike
1 Bladestorm
3 Mirror Image
10 Shadow Hunter
3 Hex
3 Healing Wave
1 Big Bad Voodoo
3 Serpent Ward
» actions
| Assign group hotkey | 112 | |
| Basic commands | 275 | |
| Build / train | 197 | |
| Enter build submenu | 63 | |
| Enter hero's abilities submenu | 20 | |
| Give item / drop item | 15 | |
| Remove unit from queue | 3 | |
| Right click | 1991 | |
| Select / deselect | 1052 | |
| Select group hotkey | 881 | |
| Use ability | 489 | |
5100 total
» units
| Peon | 25 | |
| Grunt | 4 | |
| Goblin Shredder | 3 | |
| Goblin Zeppelin | 3 | |
| Wind Rider | 16 | |
| Troll Batrider | 32 | |
| Raider | 6 | |
| Demolisher | 17 | |
106 total
» upgrades
| Reinforced Defenses | 1 | |
| Ranged Weapons | 3 | |
| Armor | 3 | |
| Liquid Fire | 1 | |
| Troll Regeneration | 1 | |
| Burning Oil | 1 | |
| Spiked Barricades | 3 | |
| Envenomed Spears | 1 | |
| Pillage | 1 | |
| Ensnare | 1 | |
| Melee Weapons | 3 | |
| War Drums Damage Increase | 1 | |
| Berserker Strength | 2 | |
22 total
» buildings
| Altar of Storms | 1 | |
| Orc Burrow | 9 | |
| Barracks | 6 | |
| Voodoo Lounge | 5 | |
| War Mill | 2 | |
| Stronghold | 1 | |
| Watch Tower | 68 | |
| Great Hall | 4 | |
| Fortress | 1 | |
| Beastiary | 7 | |
104 total
» build order
00:52 Altar of Storms
01:00 Orc Burrow
01:04 Barracks
01:50 Orc Burrow
01:55 Voodoo Lounge
03:07 War Mill
03:53 Stronghold
04:10 Orc Burrow
06:49 Orc Burrow
06:55 Watch Tower
06:56 Watch Tower
06:56 Watch Tower
06:57 Watch Tower
06:58 Watch Tower
07:00 Watch Tower
07:01 Watch Tower
08:57 Watch Tower
08:58 Watch Tower
08:59 Watch Tower
09:00 Watch Tower
09:01 Watch Tower
09:02 Watch Tower
09:03 Watch Tower
09:06 Watch Tower
09:07 Watch Tower
09:08 Watch Tower
09:08 Watch Tower
11:10 Great Hall
11:45 Fortress
11:47 Watch Tower
11:50 Watch Tower
11:51 Watch Tower
11:52 Watch Tower
11:52 Watch Tower
11:53 Watch Tower
11:54 Watch Tower
11:55 Watch Tower
11:57 Watch Tower
11:58 Watch Tower
11:59 Watch Tower
12:00 Watch Tower
12:03 Watch Tower
12:04 Watch Tower
12:08 Watch Tower
12:08 Watch Tower
12:09 Watch Tower
14:21 Beastiary
14:23 Beastiary
14:25 Beastiary
20:44 Great Hall
20:47 Watch Tower
20:49 Watch Tower
20:50 Watch Tower
20:51 Watch Tower
20:53 Watch Tower
20:54 Watch Tower
20:55 Watch Tower
20:57 Watch Tower
20:58 Watch Tower
20:59 Watch Tower
21:03 Watch Tower
21:04 Watch Tower
21:05 Watch Tower
21:06 Watch Tower
23:03 Watch Tower
23:04 Watch Tower
23:06 Watch Tower
23:07 Watch Tower
23:09 Watch Tower
23:10 Watch Tower
23:13 Watch Tower
23:14 Watch Tower
25:08 War Mill
27:58 Beastiary
27:59 Beastiary
28:01 Beastiary
30:15 Orc Burrow
30:16 Orc Burrow
30:16 Orc Burrow
30:39 Voodoo Lounge
31:02 Great Hall
31:38 Beastiary
31:57 Great Hall
32:10 Orc Burrow
61:08 Orc Burrow
68:15 Barracks
68:16 Barracks
68:17 Barracks
68:19 Barracks
68:20 Barracks
68:23 Watch Tower
68:23 Watch Tower
68:23 Watch Tower
68:24 Watch Tower
68:24 Watch Tower
68:25 Watch Tower
68:26 Watch Tower
68:26 Watch Tower
68:27 Watch Tower
68:27 Watch Tower
68:28 Watch Tower
115:58 Voodoo Lounge
115:59 Voodoo Lounge
115:59 Voodoo Lounge
» items
| Healing Salve | 5 | |
| Lesser Clarity Potion | 4 | |
| Orb of Lightning | 1 | |
| Ankh of Reincarnation | 3 | |
| Scroll of Town Portal | 9 | |
| Scroll of Healing | 2 | |
| Potion of Healing | 3 | |
| Potion of Mana | 3 | |
| Runed Bracers | 2 | |
| Sobi Mask | 1 | |
| Mana Stone | 1 | |
| Alleria's Flute of Accuracy | 1 | |
| Book of the Dead | 1 | |
| Scourge Bone Chimes | 1 | |
| Inferno Stone | 1 | |
| Potion of Divinity | 1 | |
| Demonic Figurine | 1 | |
40 total
4k.Grubby.4v4 (
pink | 29 APM | 3677 actions | 127:46)
7 Death Knight
3 Death Coil
3 Unholy Aura
1 Animate Dead
» actions
| Assign group hotkey | 95 | |
| Basic commands | 156 | |
| Build / train | 129 | |
| ESC pressed | 9 | |
| Enter build submenu | 60 | |
| Enter hero's abilities submenu | 8 | |
| Give item / drop item | 9 | |
| Remove unit from queue | 1 | |
| Right click | 1456 | |
| Select / deselect | 1073 | |
| Select group hotkey | 502 | |
| Select subgroup | 1 | |
| Use ability | 175 | |
3677 total
» units
| Acolyte | 14 | |
| Ghoul | 5 | |
| Crypt Fiend | 6 | |
| Obsidian Statue | 12 | |
| Goblin Zeppelin | 7 | |
| Goblin Shredder | 1 | |
| Abomination | 2 | |
| Frost Wyrm | 4 | |
51 total
» upgrades
| Creature Attack | 3 | |
| Creature Carapace | 3 | |
| Web | 1 | |
| Destroyer Form | 1 | |
| Disease Cloud | 1 | |
| Unholy Strength | 3 | |
| Ghoul Frenzy | 1 | |
| Unholy Armor | 3 | |
| Cannibalize | 1 | |
| Exhume Corpses | 1 | |
| Burrow | 1 | |
| Backpack | 1 | |
| Stone Form | 1 | |
| Freezing Breath | 1 | |
22 total
» buildings
| Graveyard | 2 | |
| Crypt | 1 | |
| Ziggurat | 36 | |
| Altar of Darkness | 3 | |
| Spirit Tower | 15 | |
| Tomb of Relics | 5 | |
| Halls of the Dead | 4 | |
| Black Citadel | 3 | |
| Slaughterhouse | 2 | |
| Nerubian Tower | 4 | |
| Necropolis | 4 | |
| Sacrificial Pit | 1 | |
| Boneyard | 1 | |
81 total
» build order
00:08 Graveyard
00:20 Crypt
00:40 Ziggurat
00:58 Altar of Darkness
01:36 Ziggurat
02:59 Spirit Tower
03:13 Tomb of Relics
04:09 Halls of the Dead
04:25 Ziggurat
05:52 Spirit Tower
05:54 Ziggurat
06:41 Black Citadel
06:43 Slaughterhouse
06:48 Nerubian Tower
09:11 Ziggurat
10:52 Spirit Tower
13:29 Ziggurat
13:57 Necropolis
14:23 Ziggurat
16:39 Spirit Tower
17:01 Spirit Tower
17:41 Spirit Tower
20:44 Necropolis
22:18 Ziggurat
22:19 Ziggurat
22:41 Nerubian Tower
23:30 Spirit Tower
23:34 Ziggurat
23:35 Ziggurat
23:38 Ziggurat
24:28 Ziggurat
24:31 Ziggurat
24:35 Spirit Tower
24:39 Ziggurat
24:41 Ziggurat
25:39 Spirit Tower
25:40 Spirit Tower
25:41 Halls of the Dead
25:45 Ziggurat
26:06 Nerubian Tower
26:06 Spirit Tower
26:08 Ziggurat
26:11 Halls of the Dead
27:29 Nerubian Tower
27:31 Sacrificial Pit
28:07 Spirit Tower
28:28 Boneyard
34:03 Black Citadel
34:06 Black Citadel
35:04 Slaughterhouse
35:27 Tomb of Relics
35:30 Graveyard
37:34 Altar of Darkness
41:00 Necropolis
41:02 Ziggurat
41:02 Ziggurat
41:02 Ziggurat
41:03 Ziggurat
41:03 Ziggurat
41:04 Altar of Darkness
42:53 Spirit Tower
44:52 Necropolis
46:38 Ziggurat
46:40 Ziggurat
46:41 Ziggurat
46:42 Ziggurat
46:52 Ziggurat
46:53 Ziggurat
46:57 Tomb of Relics
46:59 Tomb of Relics
47:07 Ziggurat
47:32 Spirit Tower
47:35 Spirit Tower
47:48 Ziggurat
47:49 Ziggurat
47:50 Ziggurat
47:52 Ziggurat
47:54 Ziggurat
47:56 Tomb of Relics
48:09 Ziggurat
48:18 Halls of the Dead
» items
| Potion of Healing | 3 | |
| Orb of Corruption | 2 | |
| Alleria's Flute of Accuracy | 1 | |
| Belt of Giant Strength +6 | 2 | |
| Scroll of Town Portal | 1 | |
| Runed Bracers | 1 | |
| Potion of Divinity | 2 | |
| Ankh of Reincarnation | 4 | |
| Potion of Restoration | 1 | |
| Healing Wards | 1 | |
18 total
theduke (
red | 24 APM | 785 actions | 33:01)
5 Death Knight
2 Death Coil
3 Unholy Aura
» actions
| Basic commands | 2 | |
| Build / train | 63 | |
| Enter build submenu | 17 | |
| Enter hero's abilities submenu | 4 | |
| Remove unit from queue | 4 | |
| Right click | 259 | |
| Select / deselect | 377 | |
| Use ability | 59 | |
785 total
» units
| Acolyte | 3 | |
| Ghoul | 10 | |
| Gargoyle | 6 | |
| Necromancer | 14 | |
| Abomination | 4 | |
| Banshee | 1 | |
38 total
» upgrades
| Unholy Strength | 3 | |
| Creature Attack | 1 | |
| Unholy Armor | 2 | |
| Necromancer Training | 2 | |
| Skeletal Longevity | 1 | |
| Skeletal Mastery | 1 | |
10 total
» buildings
| Altar of Darkness | 1 | |
| Ziggurat | 7 | |
| Crypt | 2 | |
| Nerubian Tower | 2 | |
| Graveyard | 1 | |
| Tomb of Relics | 1 | |
| Halls of the Dead | 1 | |
| Spirit Tower | 1 | |
| Temple of the Damned | 2 | |
| Black Citadel | 1 | |
| Slaughterhouse | 1 | |
20 total
» build order
00:02 Altar of Darkness
00:05 Ziggurat
00:35 Crypt
01:01 Nerubian Tower
01:25 Graveyard
01:39 Ziggurat
02:43 Nerubian Tower
02:52 Tomb of Relics
03:35 Crypt
04:12 Halls of the Dead
05:40 Ziggurat
06:13 Ziggurat
07:12 Spirit Tower
09:08 Temple of the Damned
11:38 Black Citadel
14:31 Ziggurat
14:34 Ziggurat
15:15 Slaughterhouse
15:59 Ziggurat
23:03 Temple of the Damned
team 2 (loser)
Bitonti8 (
green | 19 APM | 433 actions | 22:55)
3 Paladin
2 Holy Light
1 Divine Shield
» actions
| Build / train | 63 | |
| Enter build submenu | 39 | |
| Enter hero's abilities submenu | 3 | |
| Right click | 110 | |
| Select / deselect | 173 | |
| Use ability | 45 | |
433 total
» units
| Peasant | 13 | |
| Footman | 19 | |
| Knight | 3 | |
35 total
» upgrades
| Animal War Training | 1 | |
| Swords | 2 | |
| Plating | 1 | |
4 total
» buildings
| Altar of Kings | 1 | |
| Farm | 9 | |
| Barracks | 2 | |
| Scout Tower | 22 | |
| Lumber Mill | 1 | |
| Arcane Tower | 4 | |
| Guard Tower | 14 | |
| Keep | 1 | |
| Castle | 1 | |
| Blacksmith | 1 | |
56 total
» build order
00:04 Altar of Kings
00:09 Farm
00:54 Barracks
01:22 Scout Tower
01:50 Lumber Mill
02:00 Farm
02:16 Arcane Tower
02:42 Farm
03:40 Farm
04:08 Scout Tower
04:10 Scout Tower
04:26 Farm
04:38 Scout Tower
04:40 Scout Tower
04:42 Guard Tower
04:44 Arcane Tower
05:08 Arcane Tower
05:11 Guard Tower
05:18 Scout Tower
05:21 Scout Tower
06:54 Keep
07:01 Farm
08:26 Guard Tower
09:08 Barracks
09:17 Scout Tower
09:31 Scout Tower
09:38 Guard Tower
09:47 Scout Tower
09:52 Guard Tower
10:01 Scout Tower
10:08 Guard Tower
10:13 Scout Tower
10:29 Guard Tower
10:32 Scout Tower
10:42 Scout Tower
10:43 Guard Tower
11:02 Farm
11:04 Guard Tower
11:07 Scout Tower
11:26 Scout Tower
11:27 Guard Tower
11:31 Scout Tower
11:53 Guard Tower
11:57 Scout Tower
12:02 Guard Tower
12:18 Castle
12:21 Guard Tower
12:24 Scout Tower
12:42 Scout Tower
12:44 Guard Tower
15:18 Blacksmith
16:23 Scout Tower
16:26 Scout Tower
17:25 Arcane Tower
19:02 Farm
20:23 Farm

»
Feet (
purple | 48 APM | 1089 actions | 22:32)
4 Priestess of the Moon
2 Trueshot Aura
2 Searing Arrows
3 Keeper of the Grove
2 Thorns Aura
1 Entangling Roots
1 Demon Hunter
1 Immolation
» actions
| Assign group hotkey | 66 | |
| Build / train | 60 | |
| ESC pressed | 1 | |
| Enter build submenu | 26 | |
| Enter hero's abilities submenu | 8 | |
| Remove unit from queue | 1 | |
| Right click | 331 | |
| Select / deselect | 237 | |
| Select group hotkey | 309 | |
| Use ability | 49 | |
1089 total
» units
| Wisp | 14 | |
| Archer | 6 | |
| Huntress | 5 | |
| Druid of the Claw | 8 | |
| Dryad | 1 | |
34 total
» upgrades
| Strength of the Moon | 1 | |
| Strength of the Wild | 3 | |
| Moon Armor | 1 | |
| Druid of the Claw Training | 2 | |
| Reinforced Hides | 2 | |
| Mark of the Claw | 1 | |
10 total
» buildings
| Altar of Elders | 1 | |
| Moon Well | 10 | |
| Ancient of War | 2 | |
| Hunter's Hall | 2 | |
| Ancient Protector | 3 | |
| Tree of Ages | 3 | |
| Ancient of Lore | 3 | |
| Tree of Eternity | 1 | |
| Ancient of Wonders | 1 | |
26 total
» build order
00:03 Altar of Elders
00:06 Moon Well
00:55 Ancient of War
01:30 Moon Well
01:59 Ancient of War
02:36 Hunter's Hall
02:42 Hunter's Hall
03:08 Moon Well
04:03 Ancient Protector
04:09 Ancient Protector
05:32 Tree of Ages
05:32 Tree of Ages
05:57 Moon Well
07:01 Ancient Protector
08:45 Ancient of Lore
08:56 Ancient of Lore
08:59 Ancient of Lore
09:26 Moon Well
09:38 Tree of Eternity
09:52 Ancient of Wonders
15:05 Moon Well
15:12 Moon Well
15:45 Moon Well
19:04 Moon Well
20:48 Moon Well
RUB-IT-OUT (
yellow | 44 APM | 5574 actions | 127:46)
10 Mountain King
3 Storm Bolt
3 Bash
1 Avatar
3 Thunder Clap
5 Naga Sea Witch
3 Forked Lightning
2 Frost Arrows
» actions
| Assign group hotkey | 120 | |
| Basic commands | 18 | |
| Build / train | 280 | |
| Enter build submenu | 58 | |
| Enter hero's abilities submenu | 16 | |
| Give item / drop item | 3 | |
| Remove unit from queue | 1 | |
| Right click | 2177 | |
| Select / deselect | 855 | |
| Select group hotkey | 1409 | |
| Use ability | 637 | |
5574 total
» units
| Peasant | 28 | |
| Footman | 5 | |
| Goblin Shredder | 2 | |
| Goblin Zeppelin | 6 | |
| Gryphon Rider | 22 | |
| Knight | 19 | |
| Sorceress | 7 | |
| Archer | 5 | |
| Priest | 3 | |
| Mountain Giant | 12 | |
| Siege Engine | 5 | |
| Goblin Sapper | 2 | |
116 total
» upgrades
| Masonry | 3 | |
| Lumber Harvesting | 2 | |
| Swords | 3 | |
| Armor | 3 | |
| Animal War Training | 1 | |
| Storm Hammers | 1 | |
| Magic Sentry | 1 | |
| Priest Training | 2 | |
| Sorceress Training | 2 | |
| Gunpowder | 3 | |
| Plating | 3 | |
| Flying Machine Bombs | 1 | |
| Flak Cannons | 1 | |
| Barrage | 1 | |
| Flare | 1 | |
| Fragmentation Shards | 1 | |
| Cloud | 1 | |
| Backpack | 1 | |
31 total
» buildings
| Altar of Kings | 2 | |
| Barracks | 1 | |
| Farm | 24 | |
| Scout Tower | 118 | |
| Arcane Vault | 3 | |
| Arcane Tower | 31 | |
| Lumber Mill | 2 | |
| Town Hall | 6 | |
| Keep | 2 | |
| Guard Tower | 27 | |
| Blacksmith | 1 | |
| Gryphon Aviary | 4 | |
| Castle | 4 | |
| Arcane Sanctum | 2 | |
| Workshop | 3 | |
230 total
» build order
00:12 Altar of Kings
00:23 Barracks
00:37 Farm
00:52 Farm
01:37 Farm
01:47 Scout Tower
01:58 Arcane Vault
02:29 Arcane Tower
02:37 Lumber Mill
03:18 Farm
04:13 Town Hall
04:59 Keep
05:13 Scout Tower
05:15 Scout Tower
05:16 Scout Tower
05:19 Scout Tower
05:50 Guard Tower
05:50 Guard Tower
05:55 Scout Tower
05:55 Scout Tower
06:26 Guard Tower
06:26 Guard Tower
06:47 Blacksmith
07:26 Guard Tower
08:04 Gryphon Aviary
08:29 Castle
08:29 Castle
08:49 Gryphon Aviary
08:55 Farm
08:55 Farm
08:55 Farm
08:56 Farm
08:57 Farm
08:57 Farm
09:21 Scout Tower
09:21 Scout Tower
10:16 Lumber Mill
10:22 Guard Tower
10:22 Guard Tower
11:22 Scout Tower
11:23 Scout Tower
11:27 Scout Tower
12:42 Town Hall
13:03 Guard Tower
13:45 Town Hall
14:02 Guard Tower
14:07 Arcane Sanctum
14:35 Farm
14:36 Farm
14:36 Farm
14:36 Farm
14:37 Farm
14:45 Scout Tower
14:45 Scout Tower
14:45 Scout Tower
14:46 Scout Tower
14:47 Scout Tower
14:47 Scout Tower
14:47 Scout Tower
14:51 Scout Tower
14:51 Scout Tower
14:52 Scout Tower
14:53 Scout Tower
14:53 Scout Tower
14:54 Scout Tower
14:54 Scout Tower
14:54 Scout Tower
15:09 Scout Tower
15:22 Guard Tower
16:00 Guard Tower
16:00 Guard Tower
16:13 Guard Tower
16:14 Guard Tower
17:01 Guard Tower
17:02 Guard Tower
17:10 Scout Tower
17:10 Scout Tower
17:11 Scout Tower
17:11 Scout Tower
17:12 Scout Tower
17:12 Scout Tower
17:13 Scout Tower
17:14 Scout Tower
17:15 Scout Tower
17:15 Scout Tower
17:16 Scout Tower
17:24 Workshop
17:24 Workshop
17:25 Workshop
18:21 Arcane Tower
18:31 Guard Tower
18:56 Guard Tower
19:33 Guard Tower
19:41 Arcane Sanctum
20:35 Scout Tower
20:35 Scout Tower
20:36 Scout Tower
20:36 Scout Tower
20:37 Scout Tower
20:37 Scout Tower
20:38 Scout Tower
20:39 Scout Tower
20:39 Scout Tower
20:39 Scout Tower
20:40 Scout Tower
20:41 Scout Tower
21:46 Guard Tower
21:57 Guard Tower
22:17 Guard Tower
24:41 Gryphon Aviary
24:42 Gryphon Aviary
25:05 Guard Tower
28:33 Scout Tower
28:33 Scout Tower
28:34 Scout Tower
34:37 Guard Tower
51:06 Arcane Vault
51:08 Arcane Vault
63:55 Town Hall
68:57 Farm
71:25 Farm
71:26 Farm
104:50 Scout Tower
104:51 Scout Tower
104:54 Scout Tower
104:55 Scout Tower
104:56 Scout Tower
104:57 Scout Tower
104:59 Scout Tower
105:01 Scout Tower
105:03 Scout Tower
105:04 Scout Tower
105:05 Scout Tower
105:06 Scout Tower
105:07 Scout Tower
105:28 Arcane Tower
105:28 Arcane Tower
105:28 Arcane Tower
105:33 Scout Tower
105:34 Scout Tower
105:36 Scout Tower
105:37 Scout Tower
105:38 Scout Tower
105:39 Scout Tower
105:40 Scout Tower
105:43 Scout Tower
105:45 Scout Tower
105:45 Scout Tower
105:48 Scout Tower
105:49 Scout Tower
105:51 Scout Tower
105:53 Scout Tower
105:54 Scout Tower
105:55 Scout Tower
105:57 Arcane Tower
106:08 Arcane Tower
106:08 Arcane Tower
106:15 Arcane Tower
106:34 Arcane Tower
106:34 Arcane Tower
106:40 Arcane Tower
107:01 Arcane Tower
107:04 Arcane Tower
107:04 Arcane Tower
107:18 Arcane Tower
107:22 Scout Tower
107:23 Scout Tower
107:25 Scout Tower
107:26 Scout Tower
107:28 Scout Tower
107:29 Scout Tower
107:31 Scout Tower
107:32 Scout Tower
107:34 Scout Tower
107:37 Scout Tower
107:38 Scout Tower
107:39 Scout Tower
107:40 Scout Tower
107:42 Scout Tower
107:43 Scout Tower
107:44 Scout Tower
107:45 Scout Tower
107:46 Scout Tower
107:47 Scout Tower
107:48 Scout Tower
107:53 Arcane Tower
107:54 Arcane Tower
108:13 Arcane Tower
108:14 Arcane Tower
108:22 Arcane Tower
108:43 Scout Tower
108:44 Scout Tower
108:45 Scout Tower
108:45 Scout Tower
108:46 Scout Tower
108:47 Scout Tower
108:50 Scout Tower
108:52 Arcane Tower
108:52 Arcane Tower
109:14 Arcane Tower
109:14 Arcane Tower
110:03 Arcane Tower
110:08 Scout Tower
110:09 Scout Tower
110:12 Scout Tower
110:21 Scout Tower
110:29 Scout Tower
111:08 Arcane Tower
120:08 Town Hall
120:16 Town Hall
122:43 Keep
122:44 Altar of Kings
124:19 Farm
124:20 Farm
124:20 Farm
124:22 Farm
124:24 Farm
124:25 Farm
125:04 Castle
» items
| Scroll of Regeneration | 7 | |
| Lesser Clarity Potion | 4 | |
| Scroll of Town Portal | 8 | |
| Orb of Fire | 2 | |
| Potion of Mana | 7 | |
| Staff of Sanctuary | 1 | |
| Potion of Healing | 11 | |
| Potion of Restoration | 2 | |
| Belt of Giant Strength +6 | 3 | |
| Potion of Divinity | 1 | |
| Ankh of Reincarnation | 1 | |
| Wand of the Wind | 1 | |
| Healing Wards | 1 | |
49 total
Chat log
(00:17 / Allies) 4k.Grubby.4v4: plan my bitches?
(00:33 / Allies) Ulciscor: I PLAN on acquiring wyverns
(00:46 / Allies) Ulciscor: My PLAN may however never come to fruition, you never can tell wit htehse things
(01:49 / Allies) Arsenic.: foots to knights
(01:56 / Allies) 4k.Grubby.4v4: fiends to destroyers
(06:29 / Allies) theduke: fk
(07:05 / Allies) Arsenic.: back'
(07:45 / Allies) Arsenic.: tp
(08:20 / All) theduke: my ghouls r gone lol
(09:37 / Allies) Arsenic.: creep
(11:41 / Allies) Arsenic.: they have towers outside my base
(12:59 / Allies) Arsenic.: get some siege
(19:25 / Allies) 4k.Grubby.4v4: red I have 4k lumber I don't need any moron
(19:33 / Allies) theduke: fk u
(20:28 / Allies) Arsenic.: they got gryphs
(20:34 / Allies) theduke: shit
(20:59 / Allies) Arsenic.: tp
(22:12 / Allies) Arsenic.: counter
(22:37 / All) 4k.Grubby.4v4: stupid nigger internet
(23:28 / Allies) Arsenic.: send gargs
(25:17 / Allies) 4k.Grubby.4v4: attack red
(25:19 / Allies) 4k.Grubby.4v4: you first
(25:24 / Allies) theduke: fkin towers
(27:08 / All) 4k.Grubby.4v4: Red is a noob! Noobs on our team! Can't believe we lost
(28:11 / All) theduke: dude u told me to atk
(28:22 / All) 4k.Grubby.4v4: with meat wagons noob
(28:24 / Allies) theduke: n i dont have any acolyte
(28:28 / Allies) theduke: lol
(28:33 / Allies) theduke: did u see any meat wagins?
(28:44 / Allies) theduke: nope
(28:50 / All) 4k.Grubby.4v4: Do not try to stab me red
(28:54 / All) 4k.Grubby.4v4: You are mass necro vs destro
(29:06 / All) theduke: y u tkin me fag
(29:13 / All) 4k.Grubby.4v4: You were heading to attack me
(29:17 / All) theduke: yea right!
(29:26 / All) theduke: ur a dkin chomo
(29:30 / All) 4k.Grubby.4v4: I hate tking noobs like you
(29:32 / All) theduke: i dont tk
(29:34 / All) 4k.Grubby.4v4: Donkey konging chomo?
(29:35 / Allies) theduke: u do u bitch
(29:58 / All) theduke: i was walkin over ther!!!!!!!!!!!!
(30:02 / All) theduke: noit to atk
(30:09 / Allies) Arsenic.: tp
(30:11 / All) theduke: now we lose u faoot
(30:16 / All) theduke: u cock sucker
(30:31 / All) theduke: god ur dumb pink
(30:32 / All) RUB-IT-OUT: im raping u guys 1v4
(30:34 / All) RUB-IT-OUT: u fucking suck red
(30:41 / All) 4k.Grubby.4v4: You mad red?
(30:42 / All) theduke: rub it out
(30:44 / All) 4k.Grubby.4v4: You got raped
(30:56 / All) theduke: yea im pissed
(31:07 / All) 4k.Grubby.4v4: Red, you are 52-70 w/l. Please be quiet
(31:08 / Allies) Arsenic.: pink stop
(31:20 / All) theduke: 52?
(31:28 / All) 4k.Grubby.4v4: Yes, I /statsed you
(31:34 / All) theduke: so wat
(31:45 / All) 4k.Grubby.4v4: You are awful at the game, kill yourself faggot
(31:50 / All) theduke: lol
(31:54 / All) theduke: over a game?
(31:58 / All) 4k.Grubby.4v4: I am Grubby I am king of the orks
(32:04 / All) 4k.Grubby.4v4: Please be quiet
(32:06 / All) theduke: yea cuz i spend enuf time to be a nerd on this\
(32:15 / All) RUB-IT-OUT: red u suck, you dont even have a hall, everybody knows u need a hall
(32:18 / All) 4k.Grubby.4v4: Nerd implies smart, we all know you are not smart already red
(32:21 / All) theduke: no shit
(32:24 / All) 4k.Grubby.4v4: Yeah build a hall noob
(32:26 / All) theduke: it got destoreyed
(32:31 / All) 4k.Grubby.4v4: Noob
(32:36 / Allies) theduke: nothing to buikld one wit
(32:38 / All) 4k.Grubby.4v4: We lost because of you red
(32:41 / All) theduke: sure
(32:43 / All) 4k.Grubby.4v4: Uploading replay to highper.ch
(32:49 / All) 4k.Grubby.4v4: Your CD key will be banned for blackstabbing
(32:51 / All) theduke: thats y u tkinstill
(32:58 / All) theduke: lol
(33:03 / All) RUB-IT-OUT: wtf why blue leave
(33:07 / All) 4k.Grubby.4v4: Raped
(33:18 / All) RUB-IT-OUT: this was anti climatic
(33:28 / All) 4k.Grubby.4v4: Yeah
(34:17 / All) RUB-IT-OUT: greens base u niggers free exp
(34:18 / All) 4k.Grubby.4v4: Why you niggers teaming me?
(35:45 / All) 4k.Grubby.4v4: Turncoat raped my shit
(35:52 / All) RUB-IT-OUT: that bastard
(36:34 / All) RUB-IT-OUT: free levels at greens base morons
(36:39 / All) 4k.Grubby.4v4: Need more units
(36:44 / All) 4k.Grubby.4v4: Or else Turncoat kills me again
(36:57 / All) 4k.Grubby.4v4: Thinks he's going to anyway
(37:40 / All) 4k.Grubby.4v4: Turncoat killed my entire army
(37:45 / All) 4k.Grubby.4v4: No idea why he does this in games
(37:54 / All) RUB-IT-OUT: he only does it when the game is over
(38:15 / All) 4k.Grubby.4v4: Faster to just leave
(39:08 / All) RUB-IT-OUT: get a hreo and kill that shit
(39:17 / All) 4k.Grubby.4v4: ?
(39:20 / All) 4k.Grubby.4v4: resurrected m yherop
(39:24 / All) 4k.Grubby.4v4: only 2 units though
(39:26 / All) 4k.Grubby.4v4: worm and destro
(39:32 / All) RUB-IT-OUT: is he afk
(39:40 / All) 4k.Grubby.4v4: Turncoat? no, he is 100/100 still killing shit
(40:28 / All) 4k.Grubby.4v4: God damn, let me have my hero at least
(41:08 / All) RUB-IT-OUT: hes not gonna let u kill that shit lawl
(41:20 / All) 4k.Grubby.4v4: I am leeching xp
(41:49 / All) RUB-IT-OUT: lalw
(42:14 / All) 4k.Grubby.4v4: This is why you never stay in low upkeep against turncoat
(42:49 / All) RUB-IT-OUT: run dumbass
(43:52 / All) RUB-IT-OUT: the mg's followed u to ur guys' base
(44:37 / All) 4k.Grubby.4v4: Turncoat, why you no talk?
(44:53 / All) Ulciscor: What is there to discuss?
(45:02 / All) 4k.Grubby.4v4: I asked earlier why you stab me every game
(45:08 / All) Ulciscor: Do I?
(45:13 / All) 4k.Grubby.4v4: Yeah
(45:29 / All) Ulciscor: I think you exaggerate just a tad
(45:32 / All) 4k.Grubby.4v4: You even cancelled blue's hero god damn
(46:23 / All) 4k.Grubby.4v4: Ruins my fun, I hate getting on the same team as you
(46:47 / All) Ulciscor: Well, you did steal my item
(46:58 / All) RUB-IT-OUT: the horn?
(47:02 / All) 4k.Grubby.4v4: which?
(47:07 / All) Ulciscor: The dagger of escape
(48:05 / All) 4k.Grubby.4v4: it wasn't your item since I picked it up
(48:29 / All) RUB-IT-OUT: lawl
(49:48 / All) 4k.Grubby.4v4: jesus, I hate you guys
(49:54 / All) RUB-IT-OUT: the game is over moron
(49:58 / All) RUB-IT-OUT: we're just playing aorund
(50:07 / All) 4k.Grubby.4v4: I know, but you could have left my hero so I could play around too god damn
(50:53 / All) 4k.Grubby.4v4: He has 2 tps
(50:59 / All) 4k.Grubby.4v4: plus an ankh
(51:03 / All) Ulciscor: Well
(51:09 / All) Ulciscor: Don't take my item when I tell you not to
(51:15 / All) 4k.Grubby.4v4: It wasn't your item
(51:17 / All) Ulciscor: They say there's honor amongst thieves
(51:19 / All) 4k.Grubby.4v4: It was mine, in my inventory
(51:27 / All) Ulciscor: There ought to be honor amongst us team killers
(51:32 / All) Ulciscor: It was mine
(51:37 / All) Ulciscor: I was creeping specifically for items
(51:38 / All) RUB-IT-OUT: im gonna go eat u two work out yo problems
(51:42 / All) 4k.Grubby.4v4: Honour amongst thieves hasn't existed since the Third Era moron, that was abolished in the Fourth
(51:45 / All) Ulciscor: You teleported to me unsolicited
(51:54 / All) Ulciscor: Whatever that means
(52:01 / All) Ulciscor: Yes, I told you not to
(52:05 / All) Ulciscor: We have played many hours together
(52:10 / All) Ulciscor: I didn't know you were that sleezy
(52:16 / All) 4k.Grubby.4v4: It was my item
(52:17 / All) Ulciscor: It was very rude fo you
(52:20 / All) Ulciscor: Yes
(52:22 / All) Ulciscor: You took it
(52:26 / All) Ulciscor: It was creeped by me
(52:35 / All) Ulciscor: I moved my hero because I was letting you get the exp
(52:37 / All) 4k.Grubby.4v4: I also won against your army numerous times until you remaxed for a final time
(52:40 / All) Ulciscor: I didn't know you'd get it anyawy
(52:41 / All) 4k.Grubby.4v4: Bladestorm won that game
(52:42 / All) 4k.Grubby.4v4: BM OP
(52:53 / All) Ulciscor: What are you talking about
(53:04 / All) 4k.Grubby.4v4: in that game, I killed your 100/100 army twice
(53:08 / All) 4k.Grubby.4v4: Your BM only won with bladestorm
(53:11 / All) 4k.Grubby.4v4: Then you remaxed
(53:17 / All) Ulciscor: That wasn't that game
(53:21 / All) Ulciscor: Firstly I was human, you were UD
(53:24 / All) 4k.Grubby.4v4: Marketplace? Yeah it was
(53:26 / All) Ulciscor: And I don't know what you are talking about
(53:27 / All) 4k.Grubby.4v4: i was UD I know
(53:33 / All) Ulciscor: I had mass rifles
(53:35 / All) 4k.Grubby.4v4: I had fiends and destros, which webbed your shit and raped it
(53:41 / All) Ulciscor: Huh?
(53:44 / All) 4k.Grubby.4v4: Oh, I am thinking of the one where you were orc
(53:45 / All) Ulciscor: This did not happen
(53:50 / All) Ulciscor: That still didn't happen
(53:53 / All) 4k.Grubby.4v4: Also your raiders are 2/3, upgrade nigger
(53:54 / All) Ulciscor: Or I was afk
(53:55 / All) 4k.Grubby.4v4: Yes it did
(53:57 / All) 4k.Grubby.4v4: Watch replay
(53:57 / All) Ulciscor: or disconnected
(53:59 / All) 4k.Grubby.4v4: You were playing
(54:10 / All) 4k.Grubby.4v4: I raped your 100/100 orc army, then you killed half of mine with blade storm
(54:14 / All) 4k.Grubby.4v4: You remaxed faster and won
(54:26 / All) Ulciscor: I think you have me confused
(54:31 / All) 4k.Grubby.4v4: Nope
(54:36 / All) Ulciscor: Yes
(54:36 / All) 4k.Grubby.4v4: I can link you it on MSN
(54:45 / All) 4k.Grubby.4v4: Shouldn't be hard to find
(54:47 / All) Ulciscor: Only Jake has killed any of my things, the arch mage when I was queed
(55:36 / All) Ulciscor: All I want is simply an apology
(55:47 / All) Ulciscor: You know you oughtn't have taken my item
(55:58 / All) Ulciscor: And I won't even attack you again when game is finished
(56:08 / All) Ulciscor: Unless you attack me and reignite the hostilities
(56:51 / All) 4k.Grubby.4v4: Linked it on MSN
(56:52 / All) 4k.Grubby.4v4: http://highper.ch/marketsquare%20french-canadian%20invasion
(57:23 / All) 4k.Grubby.4v4: Not apologising, it was my item because I got it first
(58:18 / All) Ulciscor: Very well
(58:25 / All) 4k.Grubby.4v4: You only ever win these fights because I stay at 80/80 for more money
(58:32 / All) 4k.Grubby.4v4: You go to 100/100 in high upkeep
(58:37 / All) Ulciscor: Is that so
(59:04 / All) 4k.Grubby.4v4: That and because BM is stupid and can take out entire armies by himself
(59:08 / All) 4k.Grubby.4v4: like in that game I linked
(59:16 / All) Ulciscor: Not really
(59:24 / All) Ulciscor: Only if they aren't large
(59:28 / All) 4k.Grubby.4v4: Yeah, you took out 14 fiends or so with 1 BM
(59:43 / All) Ulciscor: You wouldn't be able to do the same
(59:46 / All) RUB-IT-OUT: back
(59:51 / All) 4k.Grubby.4v4: If I was orc I could
(59:55 / All) Ulciscor: Doubt it
(60:03 / All) 4k.Grubby.4v4: Orc isn't a hard race to play
(60:09 / All) Ulciscor: Neither is undead
(60:12 / All) 4k.Grubby.4v4: No idea why you think I couldn't
(60:17 / All) Ulciscor: They all have their advantages
(60:28 / All) RUB-IT-OUT: i dont know hwy u say orc is imbalacned, its not itachi,
(60:36 / All) 4k.Grubby.4v4: Orc isn't imba
(60:40 / All) 4k.Grubby.4v4: BM is just silly
(60:40 / All) RUB-IT-OUT: u got really mad at one game where that orc kept hexxing u nuking ur archmage
(60:52 / All) 4k.Grubby.4v4: I wasn't mad, just talking in caps
(61:04 / All) 4k.Grubby.4v4: You let him get level 10 tri hero when you should have been stabbing
(61:23 / All) 4k.Grubby.4v4: Which team gets the loss?
(61:37 / All) Ulciscor: Blue and red are getting wins
(61:39 / All) Ulciscor: they were my allies
(61:47 / All) 4k.Grubby.4v4: They got a tie, they left moron
(61:54 / All) Ulciscor: Whatever the case may be
(62:06 / All) 4k.Grubby.4v4: Red was really stupid, blue was just OK
(62:38 / All) 4k.Grubby.4v4: Both teams were awful though
(62:47 / All) Ulciscor: I like blue and red, they don't deserve losses
(63:06 / All) 4k.Grubby.4v4: Red went mass necro and then whined when there was siege, he got necros in position to stab me when I was mass destro
(63:12 / All) 4k.Grubby.4v4: *Towers
(63:15 / All) RUB-IT-OUT: its up to turncoat who wins this game he is ruthless
(63:45 / All) 4k.Grubby.4v4: I am far more ruthless, I don't think you remember me well enough
(64:21 / All) Ulciscor: I am magnanimous but I cannot tolerate your action
(64:23 / All) Ulciscor: It was scummy
(64:27 / All) 4k.Grubby.4v4: I had someone complain on forums about me back when I played WoW with you, who complained that I made the entire server unplaya
(64:33 / All) 4k.Grubby.4v4: yable
(64:46 / All) 4k.Grubby.4v4: Killed 300 low levels in two days iirc
(64:53 / All) 4k.Grubby.4v4: On a level 58 when max was 80
(67:45 / All) 4k.Grubby.4v4: So is one team getting the loss or not?
(67:51 / All) 4k.Grubby.4v4: Towers make it a stalemate unless we leave
(68:06 / All) Ulciscor: I think not
(68:06 / All) RUB-IT-OUT: we're just screwing around
(68:14 / All) 4k.Grubby.4v4: You think not what?
(68:23 / All) 4k.Grubby.4v4: I'm just massing zeppelins, no supply for a hero
(72:30 / All) 4k.Grubby.4v4: Raped
(72:45 / All) RUB-IT-OUT: see orc heros arent imba
(73:03 / All) RUB-IT-OUT: that one game u just had one defensleless archmage vs a high lvl bm shadow hunter,
(73:06 / All) RUB-IT-OUT: u'll lose everytime
(73:12 / All) 4k.Grubby.4v4: Shadow hunter is fine, I meant BM
(73:28 / All) RUB-IT-OUT: it doesn't matter, a bm will kill it fast
(73:43 / All) RUB-IT-OUT: u shouldn't be out in the open and defenseless vs a bm
(73:50 / All) 4k.Grubby.4v4: I have no idea how that game is relevant to an actual example, where 1 hero killed 14 fiends or so
(74:00 / All) 4k.Grubby.4v4: On marketplace
(74:00 / All) RUB-IT-OUT: thats not imba at all
(74:13 / All) 4k.Grubby.4v4: No other hero can do that as quickly or efficiently
(74:33 / All) RUB-IT-OUT: 14 fiends and a hero will have no problem with a bm
(74:53 / All) 4k.Grubby.4v4: I had 14 fiends and a level 10 DK, it was no match for the BM because they're basically invulnerable while bladestorming
(75:19 / All) RUB-IT-OUT: thats ur fault for not moving units
(75:27 / All) RUB-IT-OUT: bladestorm is a useless ultimate
(75:31 / All) 4k.Grubby.4v4: Pretty sure I did if I remember correctly
(75:40 / All) RUB-IT-OUT: if u did then ur units would be alive
(75:40 / All) 4k.Grubby.4v4: Bladestorm is one of the best ultimates along with mass tp
(75:45 / All) RUB-IT-OUT: no it sucks
(75:59 / All) 4k.Grubby.4v4: Did you read the highperch battle report I linked you to?
(76:07 / All) 4k.Grubby.4v4: Even it said that bladestorm can kill entire armies
(76:24 / All) RUB-IT-OUT: yes it "can"
(76:28 / All) RUB-IT-OUT: if u dont do anything
(76:41 / All) RUB-IT-OUT: u should never be scared of bladestorm
(76:43 / All) RUB-IT-OUT: bm's are not imba
(76:44 / All) 4k.Grubby.4v4: You mean like TP? It kills them too fast
(77:39 / All) RUB-IT-OUT: u need to stop making excuses, sometimes people outplay you and sometims you make mistakes, we all do
(78:11 / All) 4k.Grubby.4v4: BM is imba, everything else is fine
(78:25 / All) Ulciscor: Look at that
(78:29 / All) 4k.Grubby.4v4: ?
(78:37 / All) RUB-IT-OUT: full health vs entire army
(78:39 / All) RUB-IT-OUT: thats imba
(78:41 / All) RUB-IT-OUT: right there
(78:53 / All) 4k.Grubby.4v4: Near a fountain and with avatar
(78:59 / All) 4k.Grubby.4v4: Magic immune = no BM abilities on it
(79:08 / All) Ulciscor: all the abilities work
(79:17 / All) Ulciscor: "moron"
(79:21 / All) 4k.Grubby.4v4: I don't play orc, I wouldn't know
(79:36 / All) RUB-IT-OUT: bm's are not imba okay, in future stab games, if you're being beat by a bm, its not an imba problem
(79:45 / All) Ulciscor: I never have problem wtih bm
(80:00 / All) 4k.Grubby.4v4: You are orc moron, mirrors always go BM first on each side
(80:10 / All) Ulciscor: With any race, moron
(80:52 / All) Ulciscor: I think you are taking this game too seriously, moron
(81:16 / All) 4k.Grubby.4v4: I don't take WC3 seriously. I laughed at that comment
(81:21 / All) RUB-IT-OUT: why did turncoat kill you anyways
(81:31 / All) Ulciscor: He stole my item, oughtn't have done it
(81:38 / All) 4k.Grubby.4v4: Yeah like 3 games ago
(81:47 / All) Ulciscor: I disconnected other game
(82:06 / All) 4k.Grubby.4v4: You were mass riflemen, riflemen are awful. I would have won anyway if you stabbed in that game
(83:07 / All) RUB-IT-OUT: why are you trying to use logic with turncoat, you're never gonna win
(83:23 / All) Ulciscor: No you wouldn't have
(83:31 / All) Ulciscor: You couldn't use your abilities on me
(83:34 / All) 4k.Grubby.4v4: Fiend/destroyer beats riflemen any day
(83:36 / All) Ulciscor: and I had mass teleport
(83:39 / All) Ulciscor: and mass expos
(83:42 / All) Ulciscor: 3 expos to your 0
(83:47 / All) Ulciscor: No it doesn't
(83:50 / All) RUB-IT-OUT: what game was this? was i in it
(83:52 / All) 4k.Grubby.4v4: I had expos too, just not at that point
(83:54 / All) 4k.Grubby.4v4: Yes
(83:56 / All) Ulciscor: the last game las tnight
(83:56 / All) 4k.Grubby.4v4: http://highper.ch/?id=marketsquare%20french-canadian%20invasion
(83:59 / All) Ulciscor: no you didn't
(84:03 / All) Ulciscor: not that game
(84:06 / All) RUB-IT-OUT: i remember that game
(84:10 / All) 4k.Grubby.4v4: Watch replay moron, I had three expos
(84:16 / All) Ulciscor: Not that game, moron
(84:20 / All) 4k.Grubby.4v4: You d/ced before I got them
(84:21 / All) RUB-IT-OUT: turncoat was on other team
(84:23 / All) RUB-IT-OUT: how did he take ur time
(84:30 / All) 4k.Grubby.4v4: He and I were on the same team
(84:30 / All) Ulciscor: My god
(84:38 / All) 4k.Grubby.4v4: ?
(84:39 / All) Ulciscor: THE VERY LAST GAME FROM THIS ONE
(84:49 / All) 4k.Grubby.4v4: You d/ced, understandable that you didn't know I had expos
(85:11 / All) RUB-IT-OUT: its not a big deal itachi, let it go, just don't do whatever you did or didn't do,
(85:14 / All) Ulciscor: You had one which I could kill in 2 seocnds
(85:29 / All) 4k.Grubby.4v4: Kill it in two seconds if it's worth your entire army
(85:36 / All) Ulciscor: You wouldn't have been able to kill me
(85:44 / All) Ulciscor: I can guarantee it
(85:45 / All) 4k.Grubby.4v4: I could focus your AM before you mass tped
(85:45 / All) RUB-IT-OUT: he had mass tp
(85:50 / All) Ulciscor: 2 control groups of riflemen
(85:54 / All) Ulciscor: as ally
(85:56 / All) RUB-IT-OUT: destroyers are too weak
(86:05 / All) 4k.Grubby.4v4: Riflemen are awful, I don't care how many you have. Fiend/destroyer will beat it any day
(86:05 / All) RUB-IT-OUT: rifles would beat destroyers
(86:10 / All) Ulciscor: No they won't
(86:12 / All) 4k.Grubby.4v4: I had tons of fiends too
(86:14 / All) RUB-IT-OUT: 24 rifles would kill destroyers
(86:26 / All) Ulciscor: I have never lost on 4v4 with mass rifle
(86:26 / All) 4k.Grubby.4v4: I'm not talking about pure destro, I had FIEND/destroyer
(86:28 / All) Ulciscor: and mass teleport
(86:29 / All) RUB-IT-OUT: u guys talking about the one on "battlegrounds" rightt
(86:30 / All) 4k.Grubby.4v4: Emphasis on the fiend
(86:32 / All) Ulciscor: I rape everything with it
(86:33 / All) 4k.Grubby.4v4: No
(86:34 / All) 4k.Grubby.4v4: http://highper.ch/?id=marketsquare%20french-canadian%20invasion
(86:40 / All) RUB-IT-OUT: thats the wrong gmae
(86:42 / All) Ulciscor: Why you keep linking this
(86:43 / All) RUB-IT-OUT: i remember that
(86:45 / All) RUB-IT-OUT: tomboy
(86:47 / All) Ulciscor: you admit I won
(87:04 / All) Ulciscor: "you killed my army multiple times" so what, I had an economy advantage
(87:06 / All) 4k.Grubby.4v4: This is the right one
(87:07 / All) 4k.Grubby.4v4: http://highper.ch/?id=Market%20square%20near%20standoff
(87:09 / All) Ulciscor: and took it into account
(87:28 / All) 4k.Grubby.4v4: I'm just saying, throwing away three armies is not cost effective
(87:33 / All) Ulciscor: and I also just reinstalled after not playing any games but Fallout new vegas for about 2 years
(87:34 / All) RUB-IT-OUT: i still dont know what happened
(87:55 / All) Ulciscor: You should admit you made a scumbag move, you teleported to me unsolicited
(88:03 / All) Ulciscor: whilst I was creeping specifically for items
(88:06 / All) Ulciscor: and I told you not to take it
(88:10 / All) Ulciscor: "maybe"
(88:13 / All) Ulciscor: I was being a gentleman
(88:15 / All) 4k.Grubby.4v4: It wasn't "your" item
(88:19 / All) RUB-IT-OUT: let it go, its not a big deal itachi
(88:20 / All) 4k.Grubby.4v4: "Maybe" as in depends on the item
(88:23 / All) Ulciscor: Doesn't matter, you were a jerk-off for taking it
(88:34 / All) Ulciscor: Yeah, that's lousy
(88:40 / All) Ulciscor: That's not how you treat someone you play many hours with
(88:48 / All) 4k.Grubby.4v4: I haven't played many hours with you at all
(88:54 / All) 4k.Grubby.4v4: First game was this year I think
(89:31 / All) Ulciscor: At least 10 hours after reinstall
(89:33 / All) 4k.Grubby.4v4: I played WC3 since 2003 or something, only started stabbing in around 2006 and stabbing with others in I think 2008 or 2009
(89:35 / All) Ulciscor: Plus quite a few before that
(89:41 / All) RUB-IT-OUT: u need to let it go itachi, just forget it,
(90:13 / All) 4k.Grubby.4v4: I'm only arguing about it for as long as Turncoat is
(90:35 / All) RUB-IT-OUT: bad idea
(90:56 / All) RUB-IT-OUT: turncoat isn't gettign worked up over it though
(91:15 / All) 4k.Grubby.4v4: I'm not either, just looks that way. Text doesn't portray things like that
(94:07 / All) Ulciscor: I just think it is silly to whine and pout over me killing you this game
(94:17 / All) Ulciscor: Yet you take my item as if it's no big thing when I told you not to
(94:17 / All) RUB-IT-OUT: u need to throw pride out the window, just apologize to him,
(94:20 / All) 4k.Grubby.4v4: I really haven't been, I said about two lines about that
(94:22 / All) Ulciscor: That ruined my enjoyment, did it not?
(94:26 / All) RUB-IT-OUT: why did u take his items turncoat
(94:30 / All) RUB-IT-OUT: i mena
(94:31 / All) RUB-IT-OUT: itachi
(94:32 / All) Ulciscor: yes you have you whined considerably
(94:38 / All) Ulciscor: I tld you not to take it
(94:39 / All) RUB-IT-OUT: itachi why did u take his item?
(94:47 / All) 4k.Grubby.4v4: Not really, I've just been arguing against what you say Turncoat
(94:56 / All) RUB-IT-OUT: itachi, why did u take his item
(94:58 / All) 4k.Grubby.4v4: Not "whining and pouting"
(95:03 / All) Ulciscor: You did so earlier
(95:09 / All) Ulciscor: before I ever mentioned any item
(95:21 / All) Ulciscor: You seem to not have a firm basis in reality
(95:23 / All) 4k.Grubby.4v4: Two or three lines, I just basically said that you've stabbed me in a lot of games and that it's not fun for me
(95:24 / All) Ulciscor: Cognitive dissonance
(95:27 / All) RUB-IT-OUT: turncoat won't stab you in competitive games that are still going on, so whats the problem
(95:30 / All) Ulciscor: Mmhm
(96:05 / All) 4k.Grubby.4v4: You two get to mess around but I can't, that's basically it. It isn't a big deal, which is why I haven't even mentioned it unti
(96:06 / All) 4k.Grubby.4v4: l now
(96:12 / All) 4k.Grubby.4v4: for a second time that is
(97:24 / All) RUB-IT-OUT: hes just gonna kill you again once an outcome has been reached, you need to ap ologize
(97:43 / All) 4k.Grubby.4v4: I can't apologise for taking an item that wasn't yet his. When it's on the ground, it's free game
(97:49 / All) 4k.Grubby.4v4: I make no exceptions for who I creepjack
(98:01 / All) RUB-IT-OUT: hes gonna do it again then, u need to just throw pride away
(98:17 / All) RUB-IT-OUT: hes better than me, i let him have items or expos he wants,
(98:18 / All) 4k.Grubby.4v4: He can go ahead then, stabbing isn't a big deal
(98:26 / All) RUB-IT-OUT: u need to do the same
(99:05 / All) 4k.Grubby.4v4: If I want something in a match, I try to take it. I wouldn't care if I was playing against FOXMoon or Lucifer, I'd want to at
(99:10 / All) 4k.Grubby.4v4: least have fun getting destroyed.
(99:32 / All) RUB-IT-OUT: BUT THIS IS GONNA HAPPEN AGAIN
(99:34 / All) RUB-IT-OUT: this cant be fun for u
(99:34 / All) Ulciscor: We are suppose to be on friendly terms, I tried to be a gentleman
(99:37 / All) RUB-IT-OUT: u have no units
(99:43 / All) 4k.Grubby.4v4: I have 1 shredder actually
(101:03 / All) RUB-IT-OUT: i just don't want a scenario where this happens again and it costs us a successful stab
(102:19 / All) RUB-IT-OUT: itachi
(102:25 / All) 4k.Grubby.4v4: Yes?
(102:32 / All) RUB-IT-OUT: there is games where i feed him and he doesn't feed me. I don't make a big deal of it
(102:50 / All) 4k.Grubby.4v4: Haven't really made a big deal, just been replying when he talks.
(103:01 / All) Ulciscor: You're no daisy
(103:05 / All) Ulciscor: You're no daisy a'tall
(106:28 / All) Ulciscor: You lack social grace, sir. Your manners, ha, you haven't any manners
(107:13 / All) 4k.Grubby.4v4: k
(109:43 / All) RUB-IT-OUT: can i leave im gonna go on msn
(109:57 / All) Ulciscor: If you don't want to survive my onslaught on your fortress
(110:16 / All) 4k.Grubby.4v4: You can leave, doesn't make a difference to me
(115:58 / All) RUB-IT-OUT: rape
(117:03 / All) RUB-IT-OUT: turncoat
(117:06 / All) Ulciscor: aye?
(117:15 / All) RUB-IT-OUT: i recorded dr strangelove, u said it was a great movie, correct?
(117:20 / All) Ulciscor: Yeah
(117:25 / All) RUB-IT-OUT: peter sellers is in it right
(117:31 / All) Ulciscor: I don't know
(117:41 / All) Ulciscor: Don't know who that is
(117:54 / All) RUB-IT-OUT: im not sure if its a comedy , its strangely acted, only saw first 10 mi
(117:55 / All) 4k.Grubby.4v4: I was going to watch Groundhog Day sometime in the near future
(118:02 / All) Ulciscor: Groundhog day is great
(118:08 / All) RUB-IT-OUT: bill murray is in my top 5 movie of all time, ghostbusters
(118:09 / All) Ulciscor: lovey dovey end though
(118:21 / All) 4k.Grubby.4v4: I hate Hollywood endings
(119:26 / All) RUB-IT-OUT: ass
(119:47 / All) 4k.Grubby.4v4: The Higgs-Boson particle is very close to being found, which is nice to hear
(119:58 / All) RUB-IT-OUT: whats that
(120:11 / All) 4k.Grubby.4v4: It gives other particles mass
(120:17 / All) 4k.Grubby.4v4: Finding it would confirm an existing theory
(120:22 / All) RUB-IT-OUT: space travel?
(120:23 / All) 4k.Grubby.4v4: So then physicists would go to work on other things
(120:37 / All) 4k.Grubby.4v4: No, it basically just explains how particles get their mass
(121:25 / All) 4k.Grubby.4v4: Space travel is most practical with wormholes though the space dimensions
(121:37 / All) RUB-IT-OUT: im 100% black holes are just mass relays
(121:42 / All) 4k.Grubby.4v4: Problem would be enlarging the right worm holes
(121:47 / All) 4k.Grubby.4v4: Worm hole, not black hole
(121:49 / All) RUB-IT-OUT: black holes are means
(122:03 / All) RUB-IT-OUT: no mana bm lalw
(122:10 / All) 4k.Grubby.4v4: We already know worm holes exist, but they far too small to do anything with
(122:21 / All) RUB-IT-OUT: black holes are the wormholes
(122:22 / All) 4k.Grubby.4v4: They can go through time, but only in the future, or through space to anywhere else
(122:40 / All) Ulciscor: Time is an illusion
(122:49 / All) 4k.Grubby.4v4: Time is the imaginary 4th dimension
(123:10 / All) 4k.Grubby.4v4: The other 10 dimensions are more important, but that is not to say time is meaningless
(123:28 / All) 4k.Grubby.4v4: Time still exists enough that it's relative and slower and faster in different places
(123:29 / All) Ulciscor: ;lawll
(123:34 / All) Ulciscor: I hit b instaeld of c
(123:39 / All) 4k.Grubby.4v4: That's why satelites have atomic clocks to make up for any inaccuracies
(125:08 / All) 4k.Grubby.4v4: This game could, in fact, go on forever
(125:35 / All) RUB-IT-OUT: why u let ur dk die
(125:47 / All) 4k.Grubby.4v4: I didn't "let it," turncoat killed it repeatedly
(125:48 / All) RUB-IT-OUT: i think turncoat tried to teach a lesson, u need to tower ur bases more
(126:03 / All) 4k.Grubby.4v4: He towered around my bases and had more to kill my towers. UD towers suck
(126:11 / All) 4k.Grubby.4v4: Well, around my main base
(126:25 / All) 4k.Grubby.4v4: 8 is usually fine at expos, which was about what I had. Difficult against allies though
(126:59 / All) Ulciscor: Translate my name from latin
(127:11 / All) RUB-IT-OUT: rocsiclu
(127:17 / All) Ulciscor: I avenge
(127:28 / All) RUB-IT-OUT: ok i shall leave
(127:35 / All) Ulciscor: For RED
(127:36 / All) Ulciscor: FOR BLUE!
(127:40 / All) RUB-IT-OUT: good work you two, drop the item conflict